 Dungeon Crawl Stone Soup version 0.24.1-4-ge52af88ad5 (webtiles) character file.

Game seed: 17478901612362512236, levelgen mode: deterministic

35 Descartes the Grasshopper (level 3, -3/16 HPs)
             Began as a Felid Warper on Apr 17, 2020.
             Killed from afar by Sigmund (10 damage)
             ... with a puff of flame
             ... on level 2 of the Dungeon.
             The game lasted 00:05:56 (2378 turns).

Descartes the Grasshopper (Felid Warper)            Turns: 2378, Time: 00:05:57

Health: -3/16      AC:  1    Str:  7    XL:     3   Next: 17%
Magic:  7/7        EV: 19    Int: 15    God:
Gold:   115        SH:  0    Dex: 15    Spells: 6/6 levels left
                                        Lives:  0   Deaths: 0

rFire    . . .     SeeInvis +     - Unarmed
rCold    . . .     Gourm    .   (shield unavailable)
rNeg     . . .     Faith    .   (armour unavailable)
rPois    .         Spirit   .   (helmet unavailable)
rElec    .         Reflect  .   (cloak unavailable)
rCorr    .         Harm     .   (gloves unavailable)
MR       .....                  (boots unavailable)
Stlth    +.........             (no amulet)
HPRegen  0.05/turn              (no ring)
MPRegen  0.10/turn              (no ring)

@: confused, quick
A: very small, no armour, no weapons or thrown items, stealth, claws 1, fangs 3,
see invisible, carnivore, speed 1, shaggy fur 1, slow metabolism 1, sharp paws
a: no special abilities


You were on level 2 of the Dungeon.
You were completely stuffed.

You visited 1 branch of the dungeon, and saw 2 of its levels.

You collected 115 gold pieces.

Inventory:

Missiles
 g - 55 stones
 i - 36 arrows
Scrolls
 a - 2 scrolls of identify {unknown}
 b - 2 scrolls of blinking
 j - a scroll of teleportation {unknown}
Potions
 d - a potion of haste {unknown}
 e - 3 potions of might {unknown}
 f - 2 potions of brilliance {unknown}
 h - a potion of lignification {unknown}
 k - a potion of agility {unknown}
 l - a potion of ambrosia {unknown}
Comestibles
 c - 6 rations


   Skills:
 + Level 2.5 Fighting
 + Level 3.8 Dodging
 + Level 1.7 Stealth
 + Level 2.5 Unarmed Combat
 - Level 2.0 Spellcasting
   Level 4.4 Translocations


You had 6 spell levels left.
You didn't know any spells.
Your spell library contained the following spells:

 Spells                   Type           Power        Failure   Level  Hunger
 Blink                    Tloc           N/A          5%          2    ###....
 Gell's Gravitas          Tloc           ##........   11%         3    ###....
 Lesser Beckoning         Tloc           ##........   11%         3    ###....
 Teleport Other           Tloc           ##......     11%         3    ###....
 Shroud of Golubria       Chrm/Tloc      #.....       14%         2    ###....
 Passage of Golubria      Tloc           N/A          36%         4    #####..


Dungeon Overview and Level Annotations

Branches:
Dungeon (2/15)

Altars:
Ashenzari
Sif Muna
Xom
The Shining One

Annotations:
D:2 Sigmund


Innate Abilities, Weirdness & Mutations

You cannot wear armour.
You are incapable of wielding weapons or throwing items.
Your paws allow you to move quietly. (Stealth)
You have sharp claws.
You have razor-sharp teeth.
You have supernaturally acute eyesight. (SInv)
You are carnivorous and can eat meat at any time.
You cover ground quickly.
You are covered in fur. (AC +1)
You have a slow metabolism.
Your sharp claws are effective at attacking unaware monsters.


Message History

Sigmund is heavily wounded.
Sigmund closely misses you.
You claw Sigmund!
Sigmund is almost dead.
You scratch Sigmund but do no damage.
Sigmund is almost dead.
Sigmund completely misses you.
You scratch Sigmund.
Sigmund is almost dead.
Sigmund casts a spell at you.
You are confused.
You bump into the rock wall.
Sigmund gestures at you while chanting. You resist with some effort.
You closely miss Sigmund.
Sigmund is almost dead.
Sigmund points at you and mumbles some strange words.
The puff of flame hits you!
Ouch! That really hurt!
You die...

#..........####.##.#...#.
......###.##.............
##...## #.##.##.#..#.....
.#.### #.##.##.#........
...# #.......#........
.### ####.####........
..# #..# #)##....# ..#
#.#####.......# ..#
#.....@@.# =..# ..#####
#..#####.......
......#####..# ###....
.............# ..#
......###....# . ..#####
#....# ..### .........
....# ##.#..##.# ).#.#
#.#..# #


You could see Sigmund (invisible).

Vanquished Creatures
  An adder (D:2)
  2 dart slugs (D:2)
  A leopard gecko (D:2)
  A ball python (D:2)
  A giant cockroach (D:2)
  A goblin (D:1)
  3 hobgoblins
  4 bats
  2 frilled lizards (D:1)
  3 kobolds (D:1)
  2 rats
21 creatures vanquished.

Notes
Turn   | Place    | Note
-------+----------+-------------------------------------------
     0 | D:1      | Descartes the Felid Warper began the quest for the Orb.
     0 | D:1      | Reached XP level 1. HP: 9/9 MP: 4/4
   422 | D:1      | Reached XP level 2. HP: 9/13 MP: 6/6
  1157 | D:1      | Found an ancient bone altar of Kikubaaqudgha.
  1159 | D:1      | Found a shimmering blue altar of Sif Muna.
  1159 | D:1      | Found a shattered altar of Ashenzari.
  1161 | D:1      | Found a glowing golden altar of the Shining One.
  1161 | D:1      | Found a shimmering altar of Xom.
  1161 | D:1      | Found a shimmering altar of Xom.
  1256 | D:2      | Reached skill level 1 in Stealth
  1897 | D:2      | Noticed Sigmund
  2364 | D:2      | Reached XP level 3. HP: 13/16 MP: 7/7
  2378 | D:2      | Killed from afar by Sigmund

Levels and vault maps discovered:
D:1:      dpeg_arrival_long_road, layout_basic, doesnt_xom_only_xom
D:2:      layout_loops_cross, first_ration, uniq_crazy_yiuf_cottage,
          uniq_sigmund

Skill      XL: |  1  2 |
---------------+-------+-----
Stealth        | 1 |  1.7
Fighting       | |  2.5
Dodging        | |  3.8
Unarmed Combat | |  2.5
Spellcasting   | |  2.0
Translocations | |  4.4

Action                   || total
-------------------------++-------
Melee: Unarmed           ||    85
       Punch             ||     1
       Bite              ||     3
 Stab: Sleeping          ||     5
  Eat: Chunk             ||    10
Armor: Skin              ||     6
Dodge: Dodged            ||    66
